 Dungeon Crawl Stone Soup version 0.30-a0-137-gd8773701ce (webtiles) character file.

Game seed: 5747417673863127583

336 SigmundSlayer the Magician (level 6, -9/34 HPs)
             Began as a Deep Elf Earth Elementalist on Sept 23, 2022.
             Killed by divine providence
             ... invoked by an orc priest
              (13 damage)
             ... on level 4 of the Dungeon.
             The game lasted 00:05:33 (3420 turns).

SigmundSlayer the Magician (DEEE)                   Turns: 3420, Time: 00:05:34

Health: -9/34      AC:  5    Str:  5    XL:     6   Next: 28%
Magic:  12/16      EV: 14    Int: 22    God:
Gold:   230        SH:  0    Dex: 15    Spells: 15/16 levels left

rFire   . . .      SeeInvis .    (no weapon)
rCold   . . .      Faith    .    (no shield)
rNeg    . . .      Spirit   .    a - +0 robe
rPois   +          Reflect  .    p - +1 helmet
rElec   .          Harm     .    (no cloak)
rCorr   .          Rampage  .    s - +0 pair of gloves
Will    .....                    (no boots)
Stlth   ++........               (no amulet)
HPRegen 0.11/turn                r - ring of poison resistance
MPRegen 0.15/turn                (no ring)

@: no status effects
A: no striking features
a: no special abilities


You were on level 4 of the Dungeon.
You visited 1 branch of the dungeon, and saw 4 of its levels.

You collected 285 gold pieces.
You spent 55 gold pieces at shops.

Inventory:

Armour
 a - a +0 robe (worn)
 p - a +1 helmet (worn)
 s - a +0 pair of gloves (worn)
Jewellery
 r - a ring of poison resistance (left hand)
Wands
 k - a wand of flame (24)
Scrolls
 d - 2 scrolls of identify {unknown}
 f - a scroll of silence {unknown}
 g - 2 scrolls of poison {unknown}
 j - 5 scrolls of teleportation {unknown}
Potions
 b - a potion of magic
 c - 3 potions of curing {unknown}
 e - 2 potions of degeneration {unknown}
 h - 3 potions of heal wounds
 i - 2 potions of mutation {unknown}
 l - a potion of cancellation {unknown}
 m - 2 potions of lignification {unknown}
 n - 2 potions of berserk rage {unknown}
 o - a potion of attraction {unknown}
 q - 2 potions of might {unknown}


   Skills:
 - Level 1.0 Fighting
 + Level 4.9 Dodging
 - Level 2.4 Stealth
 + Level 5.5 Spellcasting
 - Level 1.1 Transmutations
 + Level 5.1 Earth Magic


You had 15 spell levels left.
You knew the following spells:

 Your Spells              Type           Power      Damage    Failure   Level
a - Sandblast             Erth           56%        2d13      1%          1

Your spell library contained the following spells:

 Spells                   Type           Power      Damage    Failure   Level
 Passwall                 Tmut/Erth      15%        N/A       4%          2
 Wereblood                Tmut           11%        N/A       9%          2
 Stone Arrow              Conj/Erth      34%        3d9       10%         3
 Sublimation of Blood     Necr           6%         N/A       14%         2
 Petrify                  Tmut/Erth      19%        N/A       26%         4
 Dazzling Flash           Conj/Hex       12%        N/A       28%         3
 Agony                    Necr           6%         N/A       95%         5
 Silence                  Hex/Air        3%         N/A       95%         5
 Summon Hydra             Summ           3%         N/A       100%        7


Dungeon Overview and Level Annotations

Branches:
Dungeon (4/15)
 Temple: D:4-7

Altars:

Shops:
D:1 !


Message History

You finish putting on your +0 pair of gloves.
m - 2 brown potions (gained 1)
You see here a +0 chain mail.
You now have 230 gold pieces (gained 9).
An orc priest comes into view. It is wielding a +0 hand axe.
Found a stone staircase leading up.
The orc priest shouts!
You hear a shout!
An orc comes into view. It is wielding a +2 vorpal hand axe.
The blast of sand hits the orc priest.
The orc priest is moderately wounded.
The orc shouts!
An orc priest comes into view. It is wielding a +0 dagger.
The blast of sand hits the orc priest but does no damage.
The orc priest is moderately wounded.
The orc priest shouts!
You hear a shout!
The orc priest mumbles some strange prayers to Beogh against you.
Beogh smites you!
The blast of sand hits the orc priest.
The orc priest is severely wounded.
The orc priest invokes the aid of Beogh against you.
Beogh smites you!
You are too injured to fight recklessly!
Aiming: Sandblast (safe; 1% risk of failure)
Press: ? - help, Q - select action, (/) - cycle Shift-Dir - straight line, f/p - orc priest
Aim: an orc priest, wielding a +0 hand axe and wearing a +0 chain mail (severely wounded, 87% to hit)
The blast of sand hits the orc priest but does no damage.
The orc priest is severely wounded.
The orc priest hits you but does no damage.
The orc priest barely misses you.
Aiming: Sandblast (safe; 1% risk of failure)
Press: ? - help, Q - select action, (/) - cycle Shift-Dir - straight line, f/p - orc priest
Aim: an orc priest, wielding a +0 hand axe and wearing a +0 chain mail (severely wounded, 87% to hit)
The blast of sand misses the orc priest.
The orc barely misses you.
The orc priest calls down the wrath of Beogh upon you.
Pain shoots through your body!
* * * LOW HITPOINT WARNING * * *
The orc priest invokes the aid of Beogh against you.
Beogh smites you!
You die...

### ..<. ####o.###
###.o......
#####..@o!..#
##########......###..###
........................
..........[...###.######
...#######.#### .# ...#
#.# .# #### ..# .# ..##
.# .## ##


You could see 2 orc priests and an orc.

Vanquished Creatures
  A hound (D:3)
  An orc priest (D:3)
  An iguana (D:3)
  Natasha (thrice) (D:2)
  5 adders
  4 gnolls (D:2)
  2 worms (D:2)
  A dart slug (D:2)
  8 orcs (D:3)
  11 ball pythons
  5 endoplasms (D:1)
  4 giant cockroaches
  4 hobgoblins
  3 jackals (D:3)
  5 quokkas
  4 bats
  3 frilled lizards
  2 goblins
  9 kobolds
  4 rats
80 creatures vanquished.

Notes
Turn   | Place    | Note
-------+----------+-------------------------------------------
     0 | D:1      | SigmundSlayer the Deep Elf Earth Elementalist began the
                  | quest for the Orb.
     0 | D:1      | Reached XP level 1. HP: 10/10 MP: 6/6
   211 | D:1      | Reached XP level 2. HP: 15/15 MP: 1/8
   563 | D:1      | Found Ammoel's Distillery.
   574 | D:1      | Bought a potion of heal wounds for 55 gold pieces
  1270 | D:2      | Reached XP level 3. HP: 19/19 MP: 8/10
  1335 | D:2      | Noticed Natasha
  1339 | D:2      | Killed Natasha
  1372 | D:2      | Reached XP level 4. HP: 24/24 MP: 10/12
  1549 | D:2      | Noticed Natasha
  1553 | D:2      | Killed Natasha
  1606 | D:2      | Noticed Natasha
  1613 | D:2      | Killed Natasha
  1614 | D:2      | Reached XP level 5. HP: 28/28 MP: 10/14
  2082 | D:2      | Reached skill level 5 in Spellcasting
  2599 | D:3      | Reached skill level 1 in Fighting
  2600 | D:3      | Reached XP level 6. HP: 34/34 MP: 7/15
  2885 | D:3      | Found a faded altar of an unknown god.
  3110 | D:3      | Reached skill level 5 in Earth Magic
  3420 | D:4      | Killed from afar by an orc priest

Illustrated notes

Levels and vault maps discovered:
D:1:      sevenhm_arrival_forest_fort_large_4, layout_loops_ring, serial_shops,
          shop, serial_rivers, chequers_serial_rivers_marsh,
          chequers_serial_rivers_small_b, chequers_serial_rivers_small_3,
          chequers_serial_rivers_room_b
D:2:      layout_basic, uniq_natasha
D:3:      layout_basic, ebering_ecumenical_altar_box
D:4:      layout_rooms, nicolae_shop_clearance

Skill      XL: |  1  2  3  4  5  6 |
---------------+-------------------+-----
Dodging        | 3 4 |  4.9
Spellcasting   | 4 5 |  5.5
Earth Magic    | 4 5 |  5.1
Fighting       | 1 |  1.0
Stealth        | |  2.4
Transmutations | |  1.1

Action                   |  1- 3 |  4- 6 || total
-------------------------+-------+-------++-------
 Cast: Sandblast         |    35 |    87 ||   122
Armor: Robe              |       |     4 ||     4
Dodge: Dodged            |     3 |    20 ||    23

Table legend: (Time is in decaauts)
 A = Elapsed time spent in this place.
 B = Non-inter-level travel time spent in this place.
 C = Inter-level travel time spent in this place.
 D = Time resting spent in this place.
 E = Time spent auto-exploring this place.
 F = Levels seen in this place.
 G = Mean time per level.
                   A        B        C        D        E       F      G
               +--------+--------+--------+--------+--------+-----+--------+
         Total |   3486 |   3389 |     97 |    303 |   2658 |   4 |  871.5 |
       Dungeon |   3486 |   3389 |     97 |    303 |   2658 |   4 |  871.5 |
               +--------+--------+--------+--------+--------+-----+--------+

Top non-repeatable levels by time:
     D:1: 1263 daAuts
     D:3: 1137 daAuts
     D:2: 939 daAuts
     D:4: 146 daAuts
